 Dungeon Crawl Stone Soup version 0.30-a0-881-g1ff12e1e11 (webtiles) character file.

Game seed: 8829234847592969332

88 dialectric the Trooper (level 4, 0/36 (37) HPs)
             Began as a Demonspawn Fighter on Mar 14, 2023.
             Killed by divine providence
             ... invoked by an orc priest
              (14 damage)
             ... on level 4 of the Dungeon.
             The game lasted 00:03:08 (2082 turns).

dialectric the Trooper (Demonspawn Fighter)         Turns: 2082, Time: 00:03:09

HP:   0/36 (37)     AC:  9    Str: 23    XL:     4   Next: 30%
MP:   4/4           EV:  9    Int:  9    God:
Gold: 118           SH:  0    Dex: 14    Spells: 3/3 levels left

rFire   . . .      SeeInvis .    p - +0 dagger (drain)
rCold   . . .      Faith    .    (no shield)
rNeg    . . .      Spirit   .    b - +0 scale mail
rPois   .          Reflect  .    (no helmet)
rElec   .          Rampage  .    m - +0 cloak
rCorr   .                        (no gloves)
Will    .....                    s - +0 pair of boots Stlth
                                 (no amulet)
HPRegen 0.26/turn                e - +6 ring of strength
MPRegen 0.18/turn                (no ring)

@: lightly drained
A: claws 1, magic regeneration
a: no special abilities


You were on level 4 of the Dungeon.
You visited 1 branch of the dungeon, and saw 4 of its levels.

You collected 118 gold pieces.

Inventory:

Hand Weapons
 a - a +0 long sword
 p - a +0 dagger of draining (weapon)
Missiles
 k - 2 javelins (quivered)
Armour
 b - a +0 scale mail (worn)
 c - a +0 buckler
 m - a +0 cloak (worn)
 s - a +0 pair of boots (worn)
Jewellery
 e - a +6 ring of strength (left claw)
 j - a ring of willpower
Wands
 r - a wand of flame (11)
 u - a wand of charming (9)
Scrolls
 f - a scroll of immolation {unknown}
 g - a scroll of magic mapping {unknown}
 l - a scroll of poison {unknown}
 t - a scroll of identify {unknown}
Potions
 d - a potion of might
 h - a potion of invisibility {unknown}
 i - a potion of berserk rage {unknown}
 n - a potion of mutation {unknown}
 o - 2 potions of heal wounds
 q - a potion of haste {unknown}


   Skills:
 + Level 3.7 Fighting
 + Level 0.4(1.8) Short Blades
 + Level 2.8(2.9) Long Blades
 + Level 3.2 Armour
 * Level 0.1 Dodging
 + Level 2.9 Shields


You had 3 spell levels left.
You didn't know any spells.
Your spell library contained the following spells:

 Spells                   Type           Power      Damage    Failure   Level
 Sublimation of Blood     Necr           0%         N/A       83%         2
 Wereblood                Tmut           0%         N/A       83%         2
 Summon Hydra             Summ           0%         N/A       100%        7


Dungeon Overview and Level Annotations

Branches:
Dungeon (4/15)
 Temple: D:4-7

Altars:

Shops:
D:1 =   D:2 !


Innate Abilities, Weirdness & Mutations

You have sharp fingernails.
You regenerate magic rapidly.


Message History

You hear the hiss of flowing sand.
There is an entrance to an ossuary on this level.
Hurry and find it before the portal is buried!
The orc shouts!
Found a scroll labelled HENEUTEI GOSCHI.
There is a stone staircase leading up here.
You hit the orc priest but do no damage.
The orc priest hits you but does no damage.
You hit the orc priest but do no damage.
You drain the orc priest.
The orc priest is moderately wounded.
The teleport trap disappears.
The orc disappears!
The orc priest mumbles some strange prayers to Beogh against you.
Beogh smites you!
You completely miss the orc priest.
The orc priest is moderately wounded.
The orc priest mumbles some strange prayers to Beogh against you.
Beogh smites you!
* * * LOW HITPOINT WARNING * * *
You are too injured to fight recklessly!
You are too injured to fight recklessly!
You are too injured to fight recklessly!
You are too injured to fight recklessly!
You are too injured to fight recklessly!
Unknown command.
It was a potion of heal wounds.
You feel much better.
The hobgoblin hits you but does no damage.
The orc priest invokes the aid of Beogh against you.
Beogh smites you!
You hit the orc priest. You drain the orc priest.
The orc priest is heavily wounded.
The hobgoblin misses you.
The orc priest mumbles some strange prayers to Beogh against you.
Pain shoots through your body!
You hit the orc priest but do no damage.
You drain the orc priest.
The orc priest is severely wounded.
The hobgoblin hits you.
The orc priest invokes the aid of Beogh against you.
Beogh smites you!
You die...

..
#.
#.
#.
#.
#.
#?##
#o@#
##g#
#.#
#.#
#.#
#.#
#.#
#..


You could see an orc priest (very drained) and a hobgoblin.

Vanquished Creatures
  3 adders
  2 dart slugs (D:3)
  2 ball pythons
  2 bats
  7 endoplasms
  3 giant cockroaches
  3 goblins
  4 hobgoblins
  4 jackals (D:2)
  5 kobolds
  4 quokkas
  5 frilled lizards
  6 rats
50 creatures vanquished.

Vanquished Creatures (others)
  4 plants (D:2)
4 creatures vanquished.

Grand Total: 54 creatures vanquished

Notes
Turn   | Place    | Note
-------+----------+-------------------------------------------
     0 | D:1      | dialectric the Demonspawn Fighter began the quest for the
                  | Orb.
     0 | D:1      | Reached XP level 1. HP: 18/18 MP: 1/1
   115 | D:1      | Found Heips's Jewellery Boutique.
   172 | D:1      | Gained mutation: You regenerate magic rapidly. [demonic
                  | ancestry]
   172 | D:1      | Reached XP level 2. HP: 21/24 MP: 2/2
   950 | D:2      | Found Eqitait's Distillery.
  1002 | D:2      | Reached XP level 3. HP: 26/29 MP: 3/3
  1818 | D:3      | Gained mutation: You have sharp fingernails. [demonic
                  | ancestry]
  1818 | D:3      | Reached XP level 4. HP: 32/34 MP: 4/4
  2082 | D:4      | Killed from afar by an orc priest

Illustrated notes

Levels and vault maps discovered:
D:1:      psy_arrival_statuary, layout_loops_ring, serial_shops, shop
D:2:      layout_basic, serial_shops, shop, chequers_big_river,
          kennysheep_generic_room_12
D:3:      layout_basic
D:4:      layout_layer_cave, trog_three_pillars_becter, enter_ossuary_5,
          grunt_ministairs_2, grunt_decor_one_mirror, nicolae_grassy_gnolls

Skill      XL: |  1  2 |
---------------+-------+-----
Long Blades    | 2 |  2.8
Armour         | 3 |  3.2
Fighting       | |  3.7
Short Blades   | |  0.4
Dodging        | |  0.1
Shields        | |  2.9

Action                     |  1- 3 |  4- 6 || total
---------------------------+-------+-------++-------
  Melee: Long sword        |   114 |       ||   114
         Dagger            |    40 |    36 ||    76
         Punch             |       |     1 ||     1
    Use: Scroll            |     1 |       ||     1
         Potion            |       |     1 ||     1
 Armour: Scale mail        |    67 |    11 ||    78
  Dodge: Dodged            |    82 |    11 ||    93

Table legend: (Time is in decaauts)
 A = Elapsed time spent in this place.
 B = Non-inter-level travel time spent in this place.
 C = Inter-level travel time spent in this place.
 D = Time resting spent in this place.
 E = Time spent auto-exploring this place.
 F = Levels seen in this place.
 G = Mean time per level.
                   A        B        C        D        E       F      G
               +--------+--------+--------+--------+--------+-----+--------+
         Total |   2128 |   1997 |    131 |      0 |   1550 |   4 |  532.0 |
       Dungeon |   2128 |   1997 |    131 |      0 |   1550 |   4 |  532.0 |
               +--------+--------+--------+--------+--------+-----+--------+

Top non-repeatable levels by time:
     D:2: 947 daAuts
     D:1: 846 daAuts
     D:3: 329 daAuts
     D:4: 5 daAuts
